 Dungeon Crawl Stone Soup version 0.17-a0-15-g0155121 (webtiles) character file.

616 Psiweapon the Bolt Thrower (level 7, -3/44 HPs)
             Began as a Kobold Hunter on Mar 5, 2015.
             Slain by Pikel
             ... wielding a +1 whip of electrocution
              (4 damage)
             ... on level 5 of the Dungeon.
             The game lasted 00:17:05 (4683 turns).

Psiweapon the Bolt Thrower (Kobold Hunter)          Turns: 4683, Time: 00:17:06

Health: -3/44      AC:  5    Str: 11    XL:     7   Next: 73%
Magic:  7/7        EV: 15    Int:  9    God:
Gold:   56         SH:  0    Dex: 18    Spells: 0 memorised, 6 levels left

rFire  . . .     SeeInvis .     b - +1 hand crossbow
rCold  . . .     Clarity  .     d - +1 leather armour
rNeg   + . .     SustAb   +     (no shield)
rPois  .         Gourm    .     o - +0 helmet
rElec  .         Spirit   .     (no cloak)
rCorr  .         Warding  .     (no gloves)
rMut   .         Stasis   .     (no boots)
MR     .....                    (no amulet)
Stlth  +++.......               i - ring of positive energy
                                q - ring of sustain abilities

@: about to teleport, not resistant to hostile enchantments, fairly stealthy
A: carnivore 3
a: no special abilities


You were on level 5 of the Dungeon.
You were very full.

You visited 1 branch of the dungeon, and saw 5 of its levels.

You collected 186 gold pieces.
You spent 130 gold pieces at shops.

Inventory:

Hand weapons
 a - a +2 dagger of protection
 b - a +1 hand crossbow (weapon)
 A - a +0 short sword
Missiles
 c - 2 bolts (quivered)
 B - 4 tomahawks
Armour
 d - a +1 leather armour (worn)
 o - a +0 helmet (worn)
Jewellery
 i - a ring of positive energy (right hand)
 q - a ring of sustain abilities (left hand)
Magical devices
 z - a wand of polymorph (12)
Scrolls
 e - a scroll of enchant weapon {unknown}
 g - 2 scrolls of immolation {unknown}
 p - 2 scrolls of identify
 u - a scroll of fog {unknown}
 v - 2 scrolls of teleportation
 w - a scroll of enchant armour
 x - a scroll of amnesia
 y - 3 scrolls of remove curse
Potions
 h - 2 potions of ambrosia
 j - a potion of agility {unknown}
 l - a potion of poison {unknown}
 m - 2 potions of brilliance
 r - a potion of degeneration {unknown}
 s - a potion of cure mutation {unknown}
 t - 2 potions of curing
Comestibles
 f - 4 meat rations
 k - a royal jelly
 n - a slice of pizza


   Skills:
 + Level 5.0 Fighting
 - Level 3.4 Short Blades
 + Level 7.5 Crossbows
 - Level 2.4 Dodging
 - Level 5.0 Stealth


You had 6 spell levels left.
You didn't know any spells.

Dungeon Overview and Level Annotations

Branches:
Dungeon (5/15)
 Temple: D:4-7

Altars:
Qazlal

Shops:
D:4 ((??*

Annotations:
D:5 Pikel


Innate Abilities, Weirdness & Mutations

You are small and have problems with some larger weapons.
You are carnivorous and can eat meat at any time.


Message History

You shoot a bolt. The bolt hits Pikel.
Pikel is heavily wounded.
Pikel misses you.
Firing (i - inventory. (,) - cycle):
c - 4 bolts (quivered)
Press: ? - help, Shift-Dir - straight line, f/p - Pikel
Aim: Pikel, wielding a whip of electrocution and wearing a robe (heavily wounded)
You shoot a bolt. The bolt closely misses Pikel.
Pikel closely misses you. Pikel completely misses you.
Firing (i - inventory. (,) - cycle):
c - 3 bolts (quivered)
Press: ? - help, Shift-Dir - straight line, f/p - Pikel
Aim: Pikel, wielding a whip of electrocution and wearing a robe (heavily wounded)
You shoot a bolt. The bolt barely misses Pikel.
Pikel hits you with a whip of electrocution.
You are electrocuted!
* * * LOW HITPOINT WARNING * * *
Read which item? (? for menu, Esc to quit)
As you read the scroll of teleportation, it crumbles to dust.
You feel strangely unstable.
Pikel hits you with a whip of electrocution.
You die...

. # .. .. >... ##.. ..... #..
...... ... ......# #.#
...(....###### #.# ######
......(.((.(.#########.#####.....
.......#####pppK@.[..............
....o #########.....######## ..oo
##..### ... #### .


You could see Pikel and 3 slaves.

Vanquished Creatures
  The ghost of drjones the Conjurer, an average DgFE (D:4)
  A slave (D:5)
  An ogre (D:2)
  2 phantoms (D:4)
  A hound (D:5)
  An orc priest (D:4)
  2 orc wizards
  Ijyb (D:2)
  A hound zombie (D:4)
  2 worms
  An adder skeleton (D:4)
  2 oozes
  6 orcs
  4 giant cockroaches
  6 goblins
  6 hobgoblins
  4 jackals
  2 ball pythons
  8 bats
  4 giant newts
  10 kobolds
  A quokka (D:4)
  9 rats
76 creatures vanquished.

Notes
Turn   | Place    | Note
--------------------------------------------------------------
     0 | D:1      | Psiweapon, the Kobold Hunter, began the quest for the Orb.
     0 | D:1      | Reached XP level 1. HP: 12/12 MP: 1/1
     6 | D:1      | Reached skill level 5 in Crossbows
   240 | D:1      | Reached XP level 2. HP: 17/17 MP: 2/2
   614 | D:1      | Reached XP level 3. HP: 17/21 MP: 3/3
  1049 | D:2      | Noticed Ijyb
  1082 | D:2      | Killed Ijyb
  1082 | D:2      | Reached skill level 1 in Short Blades
  1082 | D:2      | Reached XP level 4. HP: 8/26 MP: 4/4
  1742 | D:2      | Noticed an ogre
  1747 | D:2      | Killed an ogre
  1747 | D:2      | Reached XP level 5. HP: 30/30 MP: 5/5
  2376 | D:3      | Found a stormy altar of Qazlal.
  2542 | D:3      | Reached skill level 5 in Stealth
  2871 | D:4      | Noticed a phantom
  2917 | D:4      | Killed a phantom
  2917 | D:4      | Reached skill level 6 in Crossbows
  2917 | D:4      | Reached XP level 6. HP: 12/37 MP: 6/6
  3167 | D:4      | Noticed a phantom
  3199 | D:4      | Killed a phantom
  3279 | D:4      | Found Wouf Ulu's Magic Scroll Shoppe.
  3287 | D:4      | Bought a scroll of teleportation for 39 gold pieces
  3287 | D:4      | Bought a scroll of random uselessness for 13 gold pieces
  3287 | D:4      | Bought 3 scrolls of identify for 78 gold pieces
  3302 | D:4      | Found Frumisiw's Magic Scroll Emporium.
  3342 | D:4      | Noticed drjones' ghost (average DgFE)
  3446 | D:4      | Killed drjones' ghost
  3446 | D:4      | Reached skill level 7 in Crossbows
  3446 | D:4      | Reached XP level 7. HP: 12/44 MP: 7/7
  3689 | D:4      | Found Usuvoemo's Assorted Antiques.
  4077 | D:4      | Found Hopuonel's Antique Weapon Shop.
  4158 | D:4      | Found Wopusahaxi's Antique Weapon Shoppe.
  4381 | D:5      | Entered Level 5 of the Dungeon
  4592 | D:5      | Reached skill level 5 in Fighting
  4672 | D:5      | Noticed Pikel
  4682 | D:5      | HP: 1/44 [Pikel/whip of electrocution (16)]
  4683 | D:5      | Slain by Pikel

Action                   |  1- 3 |  4- 6 |  7- 9 || total
-------------------------+-------+-------+-------++-------
Melee: Short sword       |    82 |    59 |     5 ||   146
       Dagger            |       |       |    19 ||    19
 Fire: Hand crossbow     |    34 |    74 |    50 ||   158
  Use: Scroll            |       |     8 |     1 ||     9
 Stab: Sleeping          |     2 |     6 |       ||     8
  Eat: Chunk             |     9 |     5 |     4 ||    18
